 Dungeon Crawl Stone Soup version 0.29-a0-542-g075992c915 (webtiles) character file.

Game seed: 13196250755875649010

70 pokeman the Magician (level 4, 0/25 HPs)
             Began as a Deep Elf Hedge Wizard on June 3, 2022.
             Succumbed to miscasting Mephitic Cloud's poison
             ... on level 3 of the Dungeon.
             The game lasted 00:05:04 (2135 turns).

pokeman the Magician (Deep Elf Hedge Wizard)        Turns: 2135, Time: 00:05:05

Health: 0/25       AC:  3    Str:  7    XL:     4   Next: 3%
Magic:  0/13       EV: 12    Int: 21    God:
Gold:   126        SH:  0    Dex: 14    Spells: 2/13 levels left

rFire   . . .      SeeInvis .   a - +0 dagger
rCold   . . .      Faith    .   (no shield)
rNeg    . . .      Spirit   .   k - +0 leather armour
rPois   .          Reflect  .   c - +0 hat
rElec   .          Harm     .   (no cloak)
rCorr   .          Rampage  .   (no gloves)
Will    .....                   (no boots)
Stlth   ++........              (no amulet)
HPRegen 0.08/turn               (no ring)
MPRegen 0.13/turn               (no ring)

@: lethally poisoned (0 -> -2), very slightly contaminated
A: no striking features
a: no special abilities


You were on level 3 of the Dungeon.
You visited 1 branch of the dungeon, and saw 3 of its levels.

You collected 126 gold pieces.

Inventory:

Hand Weapons
 a - a +0 dagger (weapon)
Armour
 c - a +0 hat (worn)
 h - an orb of mayhem
 k - a +0 leather armour (worn)
Jewellery
 b - a ring of ice
Wands
 l - a wand of mindburst (14)
Scrolls
 g - a scroll of teleportation {unknown}
 i - 2 scrolls of fog {unknown}
Potions
 d - 2 potions of magic
 e - a potion of degeneration {unknown}
 f - 4 potions of heal wounds {unknown}
 j - 2 potions of might {unknown}
 m - a potion of curing {unknown}


   Skills:
 - Level 1.0 Fighting
 - Level 1.0 Armour
 + Level 2.6 Dodging
 - Level 2.4 Stealth
 * Level 5.4 Spellcasting
 + Level 2.1 Conjurations
 - Level 1.1 Summonings
 - Level 1.1 Translocations
 + Level 0.0 Fire Magic


You had 2 spell levels left.
You knew the following spells:

 Your Spells              Type           Power      Damage    Failure   Level
a - Magic Dart            Conj           56%        1d5       6%          1
b - Mephitic Cloud        Conj/Pois/Air  8%         N/A       32%         3
c - Call Imp              Summ           10%        N/A       14%         2
d - Blink                 Tloc           20%        N/A       14%         2
e - Conjure Flame         Conj/Fire      10%        6-21      28%         3

Your spell library contained the following spells:

 Spells                   Type           Power      Damage    Failure   Level
 Slow                     Hex            20%        N/A       16%         1


Dungeon Overview and Level Annotations

Branches:
Dungeon (3/15)

Altars:


Message History

Casting: Magic Dart (safe; 6% risk of failure)
Confirm with . or Enter, or press ? or * to list all spells.
Aiming: Magic Dart (safe; 6% risk of failure)
Press: ? - help, Shift-Dir - straight line, f/p - howler monkey
Aim: a howler monkey (severely wounded, 100% to hit)
The magic dart hits the howler monkey.
The howler monkey is severely wounded.
The howler monkey hits you.
The howler monkey hits you but does no damage.
Casting: Magic Dart (safe; 6% risk of failure)
Confirm with . or Enter, or press ? or * to list all spells.
The spell is extremely dangerous to miscast (32% risk of failure)!
Continue anyway?
Aiming: Mephitic Cloud (extremely dangerous; 32% risk of failure)
Press: ? - help, Shift-Dir - straight line, f/p - howler monkey
Aim: a howler monkey (severely wounded, chance to affect: 86%) That beam is likely to hit you.
Continue anyway?
You miscast Mephitic Cloud.
You are very lightly contaminated with residual magic.
Nothing appears to happen.
The howler monkey misses you.
Casting: Mephitic Cloud (extremely dangerous; 32% risk of failure)
Confirm with . or Enter, or press ? or * to list all spells.
The spell is extremely dangerous to miscast (32% risk of failure)!
Continue anyway?
Aiming: Mephitic Cloud (extremely dangerous; 32% risk of failure)
Press: ? - help, Shift-Dir - straight line, f/p - howler monkey
Aim: a howler monkey (severely wounded, chance to affect: 86%) That beam is likely to hit you.
Continue anyway?
You miscast Mephitic Cloud.
You feel incredibly sick!
You are poisoned.
You feel sick. The howler monkey hits you.
* * * LOW HITPOINT WARNING * * *
* * * LOW HITPOINT WARNING * * *
You feel sick.
You closely miss the howler monkey.
The howler monkey is severely wounded.
* * * LOW HITPOINT WARNING * * *
You feel sick. The howler monkey hits you.
* * * LOW HITPOINT WARNING * * *
The howler monkey closely misses you.
Unknown command.
You die...

#.....#
#(....#
#.....#
#.....#
#.....#
##.....#
#......#
#......#
#.@..###
##.### #h#
#l# #...og.#
#........#
#.........#
#..........
#.......####


You could see a howler monkey, an orc, a hobgoblin and a frilled lizard.

Vanquished Creatures
  Terence (D:2)
  A dart slug (D:1)
  4 endoplasms (D:1)
  2 giant cockroaches (D:2)
  7 goblins
  A hobgoblin (D:2)
  3 jackals (D:1)
  3 ball pythons
  5 bats
  4 frilled lizards
  8 kobolds
  4 rats
43 creatures vanquished.

Notes
Turn   | Place    | Note
-------+----------+-------------------------------------------
     0 | D:1      | pokeman the Deep Elf Hedge Wizard began the quest for the
                  | Orb.
     0 | D:1      | Reached XP level 1. HP: 10/10 MP: 7/7
   221 | D:1      | Reached XP level 2. HP: 15/15 MP: 5/9
   653 | D:1      | Reached skill level 5 in Spellcasting
  1036 | D:1      | Reached XP level 3. HP: 20/20 MP: 5/11
  1040 | D:1      | Learned a level 3 spell: Mephitic Cloud
  1043 | D:1      | Learned a level 2 spell: Call Imp
  1050 | D:1      | Learned a level 2 spell: Blink
  1054 | D:1      | Learned a level 3 spell: Conjure Flame
  1158 | D:1      | Found a faded altar of an unknown god.
  1632 | D:2      | Reached skill level 1 in Armour
  1642 | D:2      | Noticed Terence
  1662 | D:2      | Killed Terence
  1663 | D:2      | Reached skill level 1 in Fighting
  1815 | D:2      | Reached XP level 4. HP: 25/25 MP: 11/13
  2134 | D:3      | HP: 1/25 [howler monkey (2)]
  2135 | D:3      | Succumbed to miscasting Mephitic Cloud's poison

Illustrated notes

Levels and vault maps discovered:
D:1:      dpeg_arrival_arbitrary_c, layout_rooms,
          shapermc_ecumenical_altar_mp_vishouse
D:2:      cheibrodos_helix_gallery, layout_basic, uniq_terence
D:3:      layout_basic, serial_shops,
          nicolae_shop_temple_entry_statues_fountains

Skill      XL: |  1  2  3 |
---------------+----------+-----
Spellcasting   | 5 |  5.4
Armour         | 1 |  1.0
Fighting       | 1 |  1.0
Conjurations   | 2 |  2.1
Dodging        | |  2.6
Stealth        | |  2.4
Summonings     | |  1.1
Translocations | |  1.1

Action                   |  1- 3 |  4- 6 || total
-------------------------+-------+-------++-------
Melee: Dagger            |    12 |     1 ||    13
 Cast: Magic Dart        |    95 |     9 ||   104
       Conjure Flame     |     2 |       ||     2
       Mephitic Cloud    |     1 |       ||     1
Armor: Robe              |     4 |       ||     4
       Leather armour    |     1 |     1 ||     2
Dodge: Dodged            |    14 |     6 ||    20

Table legend: (Time is in decaauts)
 A = Elapsed time spent in this place.
 B = Non-inter-level travel time spent in this place.
 C = Inter-level travel time spent in this place.
 D = Time resting spent in this place.
 E = Time spent auto-exploring this place.
 F = Levels seen in this place.
 G = Mean time per level.
                   A        B        C        D        E       F      G
               +--------+--------+--------+--------+--------+-----+--------+
         Total |   2134 |   2099 |     35 |     94 |   1716 |   3 |  711.3 |
       Dungeon |   2134 |   2099 |     35 |     94 |   1716 |   3 |  711.3 |
               +--------+--------+--------+--------+--------+-----+--------+

Top non-repeatable levels by time:
     D:1: 1245 daAuts
     D:2: 798 daAuts
     D:3: 90 daAuts
